 Dungeon Crawl Stone Soup version 0.17.0-28-g6e173f8 (webtiles) character file.

3798 fredomojojo the Blocker (level 9, -5/79 HPs)
             Began as a Minotaur Fighter on Nov 26, 2015.
             Was a Priest of Nemelex Xobeh.
             Slain by a storm dragon zombie (13 damage)
             ... on level 1 of the Abyss.
             The game lasted 01:40:02 (6459 turns).

fredomojojo the Blocker (Minotaur Fighter)          Turns: 6459, Time: 01:40:02

Health: -5/79      AC: 12    Str: 25    XL:     9   Next: 96%
Magic:  8/8        EV: 12    Int:  5    God:    Nemelex Xobeh [***...]
Gold:   260        SH:  7    Dex:  9    Spells: 0 memorised, 8 levels left

rFire  + + .     SeeInvis .     w - +2 whip (flame)
rCold  x . .     Clarity  .     E - +1 ring mail {rF+}
rNeg   . . .     SustAt   .     W - +2 buckler {AC+3}
rPois  .         Gourm    .     (helmet restricted)
rElec  .         Spirit   .     (no cloak)
rCorr  .         Warding  .     K - +0 pair of gloves
rMut   .         Stasis   .     (no boots)
MR     .....                    (no amulet)
Stlth  +.........               (no ring)
                                b - ring of fire

@: not resistant to hostile enchantments, very unstealthy
A: retaliatory headbutt, horns 2
a: Triple Draw, Renounce Religion


You were on level 1 of the Abyss.
You worshipped Nemelex Xobeh.
Nemelex Xobeh was most pleased with you.
You were not hungry.

You visited 1 branch of the dungeon, and saw 9 of its levels.
You visited the Abyss 1 time.

You collected 393 gold pieces.
You spent 133 gold pieces at shops.

Inventory:

Hand Weapons
 a - a +0 flail
 k - a +0 spear
 m - a +0 hand axe
 q - a +0 hunting sling
 r - a cursed -1 dagger
 w - a +2 whip of flaming (weapon)
 y - a +1 dagger of freezing
 C - a +1 short sword of speed
 J - a +0 war axe
Missiles
 g - 52 stones (quivered)
 D - 3 silver javelins
 F - 15 sling bullets of flame
Armour
 c - a +0 shield
 E - a +1 ring mail of fire resistance (worn)
 K - a +0 pair of gloves (worn)
 N - a +0 chain mail
 W - a +2 buckler of protection (worn)
Magical Staves
 T - a cursed staff of summoning {unknown}
Jewellery
 b - a ring of fire (left hand)
 P - an uncursed ring of fire
Wands
 G - a wand of heal wounds (1)
 I - a wand of magic darts (16)
 Y - a wand of paralysis (9)
 Z - a wand of disintegration (12)
Scrolls
 h - 3 scrolls of teleportation
 i - 5 scrolls of remove curse
 j - 2 scrolls of blinking
 o - 2 scrolls of random uselessness
 s - a scroll of magic mapping {unknown}
 u - 2 scrolls of immolation {unknown}
 L - a scroll of summoning {unknown}
 M - 2 scrolls of noise
 O - 2 scrolls of enchant weapon
 Q - a scroll of recharging {unknown}
 S - a scroll of identify
 U - a scroll of enchant armour
Potions
 d - 3 potions of heal wounds
 l - 2 potions of agility
 p - 2 potions of brilliance
 v - 2 potions of degeneration {unknown}
 z - a potion of flight {unknown}
 A - a potion of curing
 B - 3 potions of lignification
 H - 2 potions of haste {unknown}
Miscellaneous
 f - a plain deck of escape {drawn: 3}
 x - a plain deck of war {drawn: 6}
 R - a plain deck of destruction
 V - a plain deck of escape
Comestibles
 e - 6 bread rations
 n - a royal jelly
 t - 10 fruits
 X - 6 beef jerkies


   Skills:
 + Level 7.4 Fighting
 + Level 7.3 Maces & Flails
 + Level 4.0(5.4) Slings
 + Level 4.9(5.5) Throwing
 + Level 7.5 Armour
 + Level 5.1 Dodging
 + Level 1.6 Stealth
 + Level 8.3 Shields
 + Level 1.0 Evocations


You had 8 spell levels left.
You didn't know any spells.

Dungeon Overview and Level Annotations

Branches:
Dungeon (9/15)             Temple (0/1) D:7
   Lair: D:8-11         Orc: D:9-12

Altars:
Ashenzari
Gozag
Nemelex Xobeh
Okawaru
Qazlal
Ru
Vehumet
Xom
Yredelemnul
The Shining One

Shops:
D:7 ?

Annotations:
D:7 Blork the orc
D:8 Psyche


Innate Abilities, Weirdness & Mutations

You reflexively headbutt those who attack you in melee.
You have a pair of horns on your head.


Message History

The storm dragon zombie claws you.
* * * LOW HITPOINT WARNING * * *
The storm dragon zombie tramples you.
* * * LOW HITPOINT WARNING * * *
You barely miss the storm dragon zombie.
You hit the storm dragon zombie but do no damage.
Your headbutt misses the storm dragon zombie.
The storm dragon zombie bites you but does no damage.
You block the storm dragon zombie's attack.
The storm dragon zombie tramples you.
* * * LOW HITPOINT WARNING * * *
A tentacle flies out from the starspawn's body!
A worldbinder comes into view.
The worldbinder calls forth creatures from the Crypt!
The worldbinder calls forth creatures from the Crypt!
Tentacles burst from the starspawn's body!
The worldbinder calls forth creatures from the Crypt!
The storm dragon zombie bites you!
You die...
Your body disappears without a glow.

## #.##
##.##...#
#.#.#...#.#
##..#.W.....
#...@#.#.# ##
#.###Z...##
... #.##.###
#.. #..#...#
#. ##.....##
.# #.#3..#..
###
.........# #
.##
#...####.#Xw#
. #..# ..#..#
.# #


You could see a wraith and a storm dragon zombie.

Vanquished Creatures
  Pikel (D:6)
  2 hippogriffs
  A basilisk (D:8)
  Menkaure (D:7)
  2 water moccasins (D:8)
  3 phantoms
  3 ogres
  2 sky beasts
  An ice beast (D:5)
  2 necrophages
  A small abomination (Abyss:1)
  A giant frog (D:8)
  2 hounds
  6 crimson imps
  2 giant frog zombies
  3 orc priests
  A jelly (D:8)
  A giant frog skeleton (D:4)
  3 iguanas
  5 orc wizards
  Terence (D:2)
  Natasha (thrice) (D:4 D:5)
  8 worker ants
  A killer bee zombie (D:6)
  A hound zombie (D:5)
  2 worker ant zombies
  Robin (D:2)
  6 adders
  A gnoll (D:1)
  A shadow imp (D:8)
  An ooze (D:3)
  3 adder skeletons
  7 giant geckos
  21 orcs
  3 ball pythons (D:3)
  6 giant cockroaches
  18 goblins
  6 hobgoblins
  3 quokkas
  7 bats
  A giant gecko skeleton (D:4)
  A giant gecko zombie (D:5)
  8 giant newts
  A jackal skeleton (D:4)
  7 kobolds
  8 rats
169 creatures vanquished.

Vanquished Creatures (collateral kills)
  A troll (D:7)
  A raiju (Abyss:1)
  An orc warrior (D:7)
  An orc wizard (D:8)
  An orc priest (D:8)
  4 orcs
9 creatures vanquished.

Vanquished Creatures (others)
  3 slaves (D:6)
  15 starspawn tentacles (Abyss:1)
  310 starspawn tentacle segments (Abyss:1)
328 creatures vanquished.

Grand Total: 506 creatures vanquished

Notes
Turn   | Place    | Note
--------------------------------------------------------------
     0 | D:1      | fredomojojo the Minotaur Fighter began the quest for the Orb.
     0 | D:1      | Reached XP level 1. HP: 19/19 MP: 0/0
   132 | D:1      | Reached skill level 4 in Armour
   132 | D:1      | Reached XP level 2. HP: 22/27 MP: 1/1
   643 | D:2      | Reached XP level 3. HP: 33/33 MP: 2/2
   662 | D:2      | Noticed Robin
   719 | D:2      | Killed Robin
   978 | D:2      | Reached XP level 4. HP: 38/40 MP: 3/3
   996 | D:2      | Noticed Terence
  1006 | D:2      | Killed Terence
  1006 | D:2      | Reached skill level 1 in Throwing
  1232 | D:2      | Found an opulent altar of Gozag.
  1232 | D:2      | Found a sparkling altar of Nemelex Xobeh.
  1238 | D:2      | Became a worshipper of Nemelex Xobeh the Trickster
  1284 | D:2      | Received a gift from Nemelex Xobeh
  1533 | D:3      | Reached skill level 5 in Shields
  1661 | D:4      | Reached XP level 5. HP: 43/46 MP: 4/4
  1695 | D:4      | Reached skill level 5 in Armour
  1809 | D:4      | Reached skill level 1 in Dodging
  1809 | D:4      | Reached XP level 6. HP: 47/52 MP: 5/5
  2014 | D:4      | Noticed Natasha
  2022 | D:4      | Killed Natasha
  2087 | D:5      | Entered Level 5 of the Dungeon
  2138 | D:4      | Found a shimmering altar of Xom.
  2138 | D:4      | Found a stormy altar of Qazlal.
  2174 | D:4      | Noticed Natasha
  2182 | D:4      | Killed Natasha
  2705 | D:5      | Reached XP level 7. HP: 60/60 MP: 6/6
  2765 | D:5      | Noticed Natasha
  2767 | D:5      | Killed Natasha
  2813 | D:5      | Reached skill level 6 in Armour
  2820 | D:5      | Received a gift from Nemelex Xobeh
  2859 | D:5      | Reached skill level 5 in Maces & Flails
  2988 | D:5      | Reached skill level 5 in Fighting
  3514 | D:5      | Reached * piety under Nemelex Xobeh
  3755 | D:6      | Reached skill level 1 in Slings
  3779 | D:6      | Noticed Pikel
  3805 | D:6      | Killed Pikel
  3805 | D:6      | Reached XP level 8. HP: 70/70 MP: 7/7
  4228 | D:6      | Reached skill level 7 in Shields
  4331 | D:6      | Found an iron altar of Okawaru.
  4331 | D:6      | Found a radiant altar of Vehumet.
  4367 | D:7      | Noticed a troll
  4372 | D:7      | Killed a troll
  4393 | D:7      | Found a staircase to the Ecumenical Temple.
  4652 | D:7      | Noticed Blork the orc
  4652 | D:7      | Noticed Menkaure
  4662 | D:7      | Killed Menkaure
  4662 | D:7      | Reached XP level 9. HP: 75/78 MP: 8/8
  4750 | D:7      | Received a gift from Nemelex Xobeh
  4822 | D:7      | Found a sacrificial altar of Ru.
  4846 | D:7      | Reached ** piety under Nemelex Xobeh
  4982 | D:7      | Found Qystiah's Magic Scroll Emporium.
  5006 | D:7      | Bought a scroll of identify for 28 gold pieces
  5006 | D:7      | Bought a scroll of enchant armour for 105 gold pieces
  5187 | D:8      | Reached skill level 1 in Stealth
  5206 | D:8      | Received a gift from Nemelex Xobeh
  5225 | D:8      | Reached skill level 1 in Evocations
  5426 | D:8      | Reached skill level 8 in Shields
  5501 | D:8      | Found a basalt altar of Yredelemnul.
  5505 | D:8      | Found a glowing golden altar of the Shining One.
  5507 | D:8      | Noticed an angel
  5513 | D:8      | Noticed a profane servitor
  5702 | D:8      | Found a shattered altar of Ashenzari.
  5912 | D:8      | Noticed Psyche
  6010 | D:8      | Reached skill level 5 in Dodging
  6046 | D:8      | Noticed a centaur warrior
  6274 | D:8      | Cast into the Abyss (Psyche)
  6350 | Abyss:1  | Reached *** piety under Nemelex Xobeh
  6358 | Abyss:1  | Noticed a tentacled starspawn
  6377 | Abyss:1  | HP: 3/79 [small abomination (16)]
  6411 | Abyss:1  | Noticed a tentacled starspawn
  6411 | Abyss:1  | Noticed a storm dragon zombie
  6448 | Abyss:1  | Noticed a smoke demon
  6454 | Abyss:1  | Noticed a worldbinder
  6459 | Abyss:1  | Slain by a storm dragon zombie

Action                   |  1- 3 |  4- 6 |  7- 9 || total
-------------------------+-------+-------+-------++-------
Melee: Flail             |   103 |   186 |   143 ||   432
       Whip              |       |       |   215 ||   215
 Fire: Hunting sling     |       |       |    42 ||    42
Throw: Stone             |    24 |    37 |    27 ||    88
       Tomahawk          |       |       |    53 ||    53
Evoke: Deck              |       |     2 |     7 ||     9
       Wand              |       |       |     1 ||     1
  Use: Potion            |       |     1 |     2 ||     3
       Scroll            |       |     4 |     6 ||    10
  Eat: Chunk             |       |     5 |     2 ||     7
       Bread ration      |       |     1 |     1 ||     2
       Meat ration       |       |       |     1 ||     1
       Pizza             |       |       |     1 ||     1
